 Dungeon Crawl Stone Soup version 0.29.0-4-gdea44cf6ec (webtiles) character file.

Game seed: 9677437042766794223

102 qw the Chopper (level 4, 0/26 HPs)
             Began as a Tengu Warper on Aug 28, 2022.
             Slain by Ijyb
             ... wielding a +0 club
              (4 damage)
             ... on level 4 of the Dungeon.
             The game lasted 00:00:16 (3490 turns).

qw the Chopper (Tengu Warper)                       Turns: 3490, Time: 00:00:17

Health: 0/26       AC:  0    Str: 12 (13) XL:     4   Next: 78%
Magic:  7/7        EV: 14    Int: 10 (13) God:
Gold:   109        SH:  0    Dex: 13 (14) Spells: 7/7 levels left

rFire   . . .      SeeInvis .   (weapon currently unavailable)
rCold   . . .      Faith    .   (shield currently unavailable)
rNeg    . . .      Spirit   .   (body armour currently unavailable)
rPois   .          Reflect  .   (helmet currently unavailable)
rElec   .          Harm     .   (cloak currently unavailable)
rCorr   .          Rampage  .   (gloves currently unavailable)
Will    .....                   (boots unavailable)
Stlth   +.........              (no amulet)
HPRegen 0.08/turn               (ring currently unavailable)
MPRegen 0.10/turn               (ring currently unavailable)

@: about to teleport, pig-form, very quick
A: fast, no casting, small, (beak), (talons 3), low MP 1, (poison resistance),
subdued magic 1
a: no special abilities


You were on level 4 of the Dungeon.
You were a filthy swine.
You visited 1 branch of the dungeon, and saw 4 of its levels.

You collected 109 gold pieces.


Innate Abilities, Weirdness & Mutations

You are a filthy swine.
You move quickly.
Your equipment is almost entirely melded.
You are incapable of wielding weapons or throwing items.
You cannot cast spells.
((You have a beak for a mouth.))
((You have claws for feet.))
Your magical capacity is low. (-10% MP)
((Your system is resistant to poisons. (rPois)))
Your spells are a little easier to cast, but a little less powerful.


   Skills:
 - Level 2.0 Fighting
 + Level 5.0 Axes
 - Level 1.0 Throwing
 - Level 2.0 Armour
 - Level 2.1 Dodging
 - Level 2.0 Spellcasting
 - Level 2.4 Translocations


You had 7 spell levels left.
You didn't know any spells.
Your spell library contained the following spells:

 Spells                   Type           Power      Damage    Failure   Level
 Blink                    Tloc           8%         N/A       16%         2
 Gell's Gravitas          Tloc           4%         N/A       30%         3
 Lesser Beckoning         Tloc           4%         N/A       30%         3
 Teleport Other           Tloc           4%         N/A       30%         3
 Manifold Assault         Tloc           4%         N/A       96%         5

Inventory:

Hand Weapons
 Y - a +0 hand axe of flaming (melded)
Armour
 j - a +0 plate armour (melded)
Scrolls
 a - a scroll of identify
Potions
 b - 4 potions of mutation
 c - 2 potions of heal wounds
 e - a potion of haste
 f - a potion of attraction {unknown}
 h - a potion of curing
 i - a potion of brilliance {unknown}
 k - a potion of magic {unknown}
 o - a potion of might {unknown}

Dungeon Overview and Level Annotations

Branches:
Dungeon (4/15)
 Temple: D:4-7

Altars:
Kikubaaqudgha
Makhleb
Ru
The Shining One

Annotations:
D:4 Eustachio, Ijyb


Message History

Ijyb grins evilly.
The goblin unwields a +0 dagger.
The goblin wields a +0 sling.
The goblin shoots a sling bullet.
The sling bullet hits you but does no damage.
The kobold throws a stone.
The stone hits you but does no damage.
You hear a shout!
Your Axes skill increases to level 5!
You hit Ijyb but do no damage.
Ijyb is almost dead.
Ijyb zaps a wand.
You resist with some effort.
Eustachio calls on the powers of shadow!
You miss Ijyb.
Ijyb is almost dead.
You barely miss the kobold.
A hobgoblin comes into view.
Ijyb zaps a wand.
You turn into a filthy swine.
Your +0 hand axe of flaming melds into your body.
Your +0 plate armour melds into your body.
Your +0 hand axe of flaming stops flaming.
Eustachio gestures wildly while chanting.
The kobold closely misses you.
The goblin unwields a +0 sling.
The goblin wields a +0 dagger.
The goblin hits you with a +0 dagger.
You hit Ijyb but do no damage.
Ijyb is almost dead.
Ijyb hits you with a +0 club.
The kobold hits you with a +0 short sword.
You hit Ijyb but do no damage.
Ijyb is almost dead.
The goblin barely misses you.
The kobold hits you with a +0 short sword.
Eustachio gestures wildly while chanting.
Eustachio blinks!
Ijyb hits you with a +0 club.
You hit Ijyb but do no damage.
Ijyb is almost dead.
The goblin hits you with a +0 dagger.
3490 ||| READING scroll of teleportation.
As you read the scroll of teleportation, it crumbles to dust.
You feel strangely unstable. Ijyb hits you with a +0 club.
You die...

..............
.............
.....g...... ##
@.......... ..#
<.5...... ..[.#
.5.... ......###
##Kg#
........#####gh#
..........##..###
..............##
#####
............###
###}#}###
..........).#
##~~¤~~~~##
............#
#}~.....~}#
...........##
####~.._..~##
..........##
##.#}~..¤..~}#
..........#
##..##~~~.~¤~###


You could see Eustachio, Ijyb, an iron imp (summoned), a shadow imp (summoned),
a hobgoblin, a goblin and a kobold.

Vanquished Creatures
  3 adders
  A gnoll (D:1)
  A worm (D:3)
  2 orcs (D:4)
  6 endoplasms
  2 giant cockroaches
  6 hobgoblins
  7 jackals (D:1)
  2 quokkas (D:1)
  2 ball pythons
  3 bats
  9 frilled lizards
  3 goblins
  8 kobolds
  5 rats
60 creatures vanquished.

Vanquished Creatures (others)
  2 plants (D:3)
2 creatures vanquished.

Grand Total: 62 creatures vanquished

Notes
Turn   | Place    | Note
-------+----------+-------------------------------------------
     0 | D:1      | qw the Tengu Warper began the quest for the Orb.
     0 | D:1      | Reached XP level 1. HP: 12/12 MP: 4/4
     0 | D:1      | 0 ||| qw: Version: 0.1-a-89-g26bdef1
     0 | D:1      | 0 ||| qw: Game counter: 1765
     0 | D:1      | 0 ||| qw: Always use a shield: true
     0 | D:1      | 0 ||| qw: God list: Okawaru
     0 | D:1      | 0 ||| qw: Allow faded altars: false
     0 | D:1      | 0 ||| qw: Do Orc after D:15 true
     0 | D:1      | 0 ||| qw: Do second Lair branch before Depths: true
     0 | D:1      | 0 ||| qw: Lair rune preference: random
     0 | D:1      | 0 ||| qw: Plans: Normal
     0 | D:1      | 0 ||| PLANNING D:1-11
    88 | D:1      | 88 ||| Stepping ~*~*~tactically~*~*~ (stealth).
   118 | D:1      | 118 ||| Stepping ~*~*~tactically~*~*~ (stealth).
   194 | D:1      | Reached XP level 2. HP: 14/17 MP: 6/6
   196 | D:1      | Reached skill level 3 in Axes
   533 | D:1      | 533 ||| Stepping ~*~*~tactically~*~*~ (stealth).
   619 | D:1      | 619 ||| Stepping ~*~*~tactically~*~*~ (stealth).
   767 | D:1      | Reached XP level 3. HP: 21/21 MP: 7/7
   869 | D:1      | 869 ||| Stepping ~*~*~tactically~*~*~ (stealth).
   885 | D:1      | Reached skill level 4 in Axes
  1066 | D:1      | Found a faded altar of an unknown god.
  1211 | D:1      | 1211 ||| DROPPING +0 club.
  1415 | D:1      | 1415 ||| UPGRADING to +0 chain mail.
  1425 | D:1      | 1425 ||| DROPPING +0 leather armour.
  1426 | D:1      | 1426 ||| UPGRADING to +0 plate armour.
  1436 | D:1      | 1436 ||| DROPPING +0 chain mail.
  1437 | D:1      | 1437 ||| READING 2 scrolls labelled ZIDINE YCETZ.
  1438 | D:1      | 1438 ||| READING scroll labelled DYARIK WUTONU.
  1439 | D:1      | 1439 ||| READING scroll labelled UMODYI SAIRIRE.
  1444 | D:1      | 1444 ||| DRINKING 3 red potions.
  1445 | D:1      | 1445 ||| DRINKING 3 blue potions.
  1446 | D:1      | 1446 ||| DROPPING scroll of blinking.
  1447 | D:1      | 1447 ||| DROPPING 2 potions of degeneration.
  1448 | D:1      | 1448 ||| DROPPING 2 potions of flight.
  1598 | D:2      | Reached XP level 4. HP: 26/26 MP: 8/8
  1904 | D:2      | Found a glowing golden altar of the Shining One.
  2020 | D:2      | You fall into a shaft and drop 1 floor!
  2021 | D:3      | 2021 ||| DROPPING ring of wizardry.
  2022 | D:3      | 2022 ||| READING scroll labelled FICWYD ROSU.
  2023 | D:3      | 2023 ||| READING scroll labelled FUSUXK FOQU.
  2124 | D:3      | 2124 ||| READING scroll labelled FEOMI LURUYMO.
  2263 | D:3      | 2263 ||| DRINKING 2 bubbling red potions.
  2263 | D:3      | Gained mutation: Your magical capacity is low. (-10% MP)
                  | [potion of mutation]
  2263 | D:3      | Gained mutation: Your system is resistant to poisons.
                  | (rPois) [potion of mutation]
  2263 | D:3      | Gained mutation: Your spells are a little easier to cast,
                  | but a little less powerful. [potion of mutation]
  2264 | D:3      | 2264 ||| DRINKING 2 fuming puce potions.
  2318 | D:2      | 2318 ||| Stepping ~*~*~tactically~*~*~ (stealth).
  2376 | D:2      | 2376 ||| Stepping ~*~*~tactically~*~*~ (stealth).
  2619 | D:2      | 2619 ||| READING scroll labelled CYFUNU WEENI.
  2620 | D:2      | 2620 ||| DROPPING +0 flail.
  2621 | D:2      | 2621 ||| READING 3 scrolls of identify.
  2621 | D:2      | 2621 ||| IDENTIFYING yellow potion
  2622 | D:2      | 2622 ||| READING 2 scrolls of identify.
  2622 | D:2      | 2622 ||| IDENTIFYING lumpy blue potion
  2623 | D:2      | 2623 ||| DROPPING potion of ambrosia.
  2984 | D:3      | 2984 ||| Stepping ~*~*~tactically~*~*~ (water).
  3289 | D:3      | Found a sacrificial altar of Ru.
  3289 | D:3      | Found an ancient bone altar of Kikubaaqudgha.
  3353 | D:3      | 3353 ||| DRINKING 2 cyan potions.
  3354 | D:3      | 3354 ||| READING 2 scrolls of identify.
  3354 | D:3      | 3354 ||| IDENTIFYING black potion
  3355 | D:3      | 3355 ||| DROPPING potion of lignification.
  3375 | D:4      | 3375 ||| STAIRDANCE
  3415 | D:4      | Found a burning altar of Makhleb.
  3457 | D:4      | 3457 ||| Stepping ~*~*~tactically~*~*~ (stealth).
  3475 | D:4      | Noticed Ijyb
  3477 | D:4      | Noticed Eustachio
  3485 | D:4      | Reached skill level 5 in Axes
  3489 | D:4      | HP: 4/26 [goblin/+0 dagger (3)]
  3490 | D:4      | 3490 ||| READING scroll of teleportation.
  3490 | D:4      | Slain by Ijyb

Levels and vault maps discovered:
D:1:      dpeg_arrival_signposts, layout_loops_ring,
          hellmonk_ecumenical_altar_pennies_from_heaven
D:2:      layout_loops_corners, basic_altar, dreamdust_princess_bridge
D:3:      cheibrodos_old_hovel, layout_loops_ring,
          gammafunk_temple_overflow_statue, serial_bayou_ford_a
D:4:      layout_cave_pods, lightli_temple_of_fire, uniq_grinder,
          uniq_eustachio, uniq_ijyb

Skill      XL: |  1  2  3  4 |
---------------+-------------+-----
Axes           | 3 4 5 |  5.0
Armour         | 2 |  2.0
Fighting       | |  2.0
Throwing       | |  1.0
Dodging        | |  2.1
Spellcasting   | |  2.0
Translocations | |  2.4

Action                   |  1- 3 |  4- 6 || total
-------------------------+-------+-------++-------
Melee: Hand axe          |    74 |    59 ||   133
       Kick              |    17 |     9 ||    26
       Peck              |     7 |     8 ||    15
       Unarmed           |       |     3 ||     3
       Punch             |       |     1 ||     1
Throw: Boomerang         |     7 |       ||     7
  Use: Scroll            |     3 |     8 ||    11
       Potion            |     2 |     3 ||     5
 Stab: Sleeping          |     1 |       ||     1
Armor: Leather armour    |    12 |       ||    12
       Plate armour      |     7 |    31 ||    38
Dodge: Dodged            |    27 |     8 ||    35

Table legend:
 A = Non-vault XP
 B = Vault XP
 C = Vault XP percentage of total XP
 D = Non-vault monster count
 E = Vault monster count
 F = Vault count percentage of total count
                 A         B        C        D         E       F
            +---------+---------+-------+---------+---------+-------
      Total |     142 |       5 |   3.4 |      59 |       1 |   1.7
            +---------+---------+-------+---------+---------+-------
        D:1 |      64 |       0 |   0.0 |      33 |       0 |   0.0
        D:2 |      43 |       0 |   0.0 |      14 |       0 |   0.0
        D:3 |      18 |       5 |  21.7 |       4 |       1 |  20.0
        D:4 |      17 |       0 |   0.0 |       8 |       0 |   0.0
            +---------+---------+-------+---------+---------+-------
